[Event "*** Titled Tuesday Blitz"]
[Site "Chess.com"]
[Date "2020.05.12"]
[Round "1"]
[White "AnkitGajwa"]
[Black "GadimbayliA"]
[Result "0-1"]
[WhiteElo "2433"]
[BlackElo "2841"]
[TimeControl "180+1"]
[EndTime "10:07:09 PDT"]
[Termination "GadimbayliA won by resignation"]

1. e4 e5 2. Nf3 d5 3. exd5 e4 4.
Nd4 Qxd5 5. Nb3 Nf6 6. Nc3 Qe5 7. Be2 Bd6 8. d4 exd3 9. Qxd3 O-O 10. Be3 Bf5 11.
Qd2 Nc6 12. Nd4 Rad8 13. f4 Qa5 14. Nb3 Bb4 15. Nxa5 Rxd2 16. Bxd2 Bxa5 17. O-O-O Nd4 18. Bd3 Bxd3 19. cxd3 Rd8 20. Ne4 Ne2+ 21. Kc2 Nd4+ 22. Kb1 Bxd2 23. Nxf6+ gxf6 24. Rxd2 Re8 25. Kc1 Ne2+ 26.
Kd1 Nxf4 27. Re1 Rd8 28. Re7 Nd5 29. Re4 f5 30. Re5 Kg7 31. Rf2 f4 32. g3 Nb4 33.
gxf4 Nxd3 34. Rg5+ Kf6 35. Rd2 Nf2+ 36. Kc2 Rxd2+ 37. Kxd2 Ne4+ 38. Ke3 Nxg5 39. fxg5+ Kxg5 40. Kd4 Kf4 0-1

[Event "*** Titled Tuesday Blitz"]
[Site "Chess.com"]
[Date "2020.05.12"]
[Round "1"]
[White "1f3_2g41-0"]
[Black "Dinamo81"]
[Result "1/2-1/2"]
[WhiteElo "2307"]
[BlackElo "2612"]
[TimeControl "180+1"]
[EndTime "10:07:09 PDT"]
[Termination "Game drawn by repetition"]

1. e4 e6 2. d4 d5 3. Nc3 Bb4 4. exd5 exd5 5. Bd3 Nf6 6. Ne2 O-O 7. O-O c6 8. Bg5 Re8 9. Ng3 h6 10. Bf4 Bd6 11. Bxd6 Qxd6 12. Re1 Be6 13. Qf3 Nbd7 14. h3 Re7 15. Nce2 Rae8 16. Nf4 Nf8 17. Re3 Bc8 18.
Rae1 Rxe3 19. Rxe3 Rxe3 20. Qxe3 Ne6 21. Nf5 Qxf4 22.
Ne7+ Kf8 23. Qxf4 Nxf4 24. Nxc8 Nxd3 25. cxd3 a5 26. a4 Nd7 27. Nd6 b6 28. Nc8 g6 29.
Kf1 Ke8 30. Ke2 Kd8 31. Nd6 Ke7 32. Nc8+ Ke6 33. Ke3 g5 34. g4 b5 35. Na7 bxa4 36. Nxc6 f5 37. gxf5+ Kxf5 38. Nxa5 g4 39. h4 h5 40. Nc6 Nf8 41. Ne5 Ne6 42. Nc6 Nf8 43. Ne5 Ne6 44. Nc6 Nf8 1/2-1/2

[Event "*** Titled Tuesday Blitz"]
[Site "Chess.com"]
[Date "2020.05.12"]
[Round "1"]
[White "Vuk2000"]
[Black "BIG_Pirate"]
[Result "1-0"]
[WhiteElo "2617"]
[BlackElo "2296"]
[TimeControl "180+1"]
[EndTime "10:07:09 PDT"]
[Termination "Vuk2000 won by resignation"]

1. d4 d5 2. Nf3 Nf6 3. c4 c6 4.
Nc3 e6 5. Bg5 Nbd7 6. e3 Qa5 7.
Nd2 Bb4 8. Qc2 O-O 9. Be2 e5 10. dxe5 Ne4 11. Ncxe4 dxe4 12. a3 Nxe5 13. Bf4 Nd3+ 14.
Bxd3 exd3 15. Qc1 Bxd2+ 16. Qxd2 Qf5 17. O-O Be6 18. Rac1 Rfd8 19. c5 Rd5 20. Bd6 Qg6 21.
f3 Rd8 22. e4 Rd4 23. Qe3 Bh3 24. Rf2 R4xd6 25. cxd6 Rxd6 26. Rd1 f5 27. Rxd3 Rxd3 28.
Qxd3 fxe4 29. Qxe4 Bf5 30. Qe5 h6 31. Qf4 Be6 32.
g4 Kh7 33. Qe4 Bd5 34. Qxg6+ Kxg6 35. Kg2 Kf6 36. Kg3 Ke5 37. f4+ Kd6 38. h4 b5 39.
f5 a5 40. Kf4 b4 41. axb4 axb4 42. g5 hxg5+ 43. Kxg5 Kc5 44. f6 gxf6+ 45. Kxf6 Kc4 46. h5 Be4 47. Rf4 Kd3 48. Rxe4 Kxe4 49. h6 c5 50. h7 c4 51. h8=Q c3 52. bxc3 bxc3 53. Qh1+ 1-0

[Event "*** Titled Tuesday Blitz"]
[Site "Chess.com"]
[Date "2020.05.12"]
[Round "1"]
[White "ValeriyGrinev"]
[Black "abeljusto"]
[Result "1-0"]
[WhiteElo "2544"]
[BlackElo "2205"]
[TimeControl "180+1"]
[EndTime "10:07:09 PDT"]
[Termination "ValeriyGrinev won on time"]

1. d4 Nf6 2. c4 g6 3. Nc3 d5 4. cxd5 Nxd5 5. Bd2 Bg7 6. e4 Nb6 7. Be3 O-O 8. h3 Nc6 9. Nf3 e5 10. dxe5 Nxe5 11. Nxe5 Bxe5 12. Qc2 c6 13. Be2 Qe7 14. O-O Bg7 15. f4 f5 16. e5 Be6 17. b3 Rfd8 18.
Rfd1 Rxd1+ 19. Rxd1 Rd8 20. Rxd8+ Qxd8 21. Qd2 Qxd2 22.
Bxd2 Nd5 23. Kf2 Kf7 24. Bf3 Nb4 25. Ke2 Bf8 26. Be3 a6 27. Kd2 a5 28. Bb6 a4 29. a3 Na6 30. b4 Bb3 31. Bd1 Bxd1 32.
Kxd1 Nb8 33. Nxa4 Nd7 34. Bd4 Ke6 35. Nc3 b5 36. Ke2 h6 37. Kd3 Be7 38. Ke3 g5 39. g3 gxf4+ 40. gxf4 Bh4 41. Kf3 Be1 42. Nd1 1-0

[Event "*** Titled Tuesday Blitz"]
[Site "Chess.com"]
[Date "2020.05.12"]
[Round "1"]
[White "talaicito"]
[Black "albi1999"]
[Result "0-1"]
[WhiteElo "2238"]
[BlackElo "2569"]
[TimeControl "180+1"]
[EndTime "10:07:10 PDT"]
[Termination "albi1999 won by resignation"]

1. d4 d5 2. Bf4 c5 3. e3 Nc6 4. Nc3 cxd4 5. exd4 a6 6. Nf3 Bg4 7. Be2 e6 8. a3 Nf6 9. O-O Bxf3 10.
Bxf3 Bd6 11. Bg5 h6 12. Bh4 g5 13. Bg3 h5 14. Be5 Nxe5 15. dxe5 Bxe5 16. Re1 Qc7 17.
Nxd5 exd5 18. Qe2 Nd7 19. Bxd5 O-O-O 20. Bxf7 Bxh2+ 21. Kh1 Bd6 22. Rad1 Kb8 23. b4 Ne5 24. Bd5 h4 25. c4 Rhe8 26. Qh5 g4 27. Kg1 g3 28. f3 Rh8 29. Qf5 Rdf8 30. Qh3 Ng6 31.
c5 Be7 32. Qe6 Rf6 33. Qe4 h3 34. Bxb7 hxg2 35. Bxa6 Nf4 36. Qxf4 Qxf4 37. Bc4 Rh1+ 0-1

[Event "*** Titled Tuesday Blitz"]
[Site "Chess.com"]
[Date "2020.05.12"]
[Round "1"]
[White "GMJustin"]
[Black "MikeKorovin"]
[Result "0-1"]
[WhiteElo "2328"]
[BlackElo "2652"]
[TimeControl "180+1"]
[EndTime "10:07:11 PDT"]
[Termination "MikeKorovin won on time"]

1. d4 Nf6 2. c4 e6 3. Nc3 Bb4 4. Qc2 O-O 5. e4 d6 6. e5 dxe5 7. dxe5 Ng4 8. Nf3 Nc6 9. a3 Be7 10. Bf4 f6 11. Bd3 f5 12. h3 Nh6 13. O-O-O Qe8 14. Nb5 Bd8 15. Bxh6 gxh6 16. Qd2 a6 17. Nc3 Kg7 18. g4 f4 19. h4 b5 20. cxb5 axb5 21. Nxb5 Bb7 22. g5 h5 23. Qe2 Na5 24. Be4 Bxe4 25.
Qxe4 Qxb5 26. Nd4 Qa6 27. Kb1 Be7 28. Rc1 c5 29. Nf3 Rad8 30. Rhd1 Qc6 31. Qxc6 Nxc6 0-1

[Event "*** Titled Tuesday Blitz"]
[Site "Chess.com"]
[Date "2020.05.12"]
[Round "1"]
[White "kirillshevchenko"]
[Black "Olga_Girya"]
[Result "1-0"]
[WhiteElo "2832"]
[BlackElo "2429"]
[TimeControl "180+1"]
[EndTime "10:07:12 PDT"]
[Termination "kirillshevchenko won on time"]

1. e4 c6 2. d4 d5 3. exd5 cxd5 4. Bd3 Nc6 5. c3 Nf6 6. h3 g6 7. Nf3 Bf5 8. Ne5 Nxe5 9. dxe5 Bxd3 10. Qxd3 Ne4 11.
Nd2 Nxd2 12. Bxd2 Bg7 13. f4 O-O 14. Be3 Qd7 15. O-O-O Rfd8 16. g4 Qa4 17. Kb1 Rac8 18. Bd4 Qc4 19. Qd2 Rc6 20. f5 Ra6 21. b3 Qc7 22.
Rde1 Rc6 23. h4 Rc8 24. Kb2 b5 25. Re2 a5 26. h5 b4 27. hxg6 hxg6 28. cxb4 axb4 29.
Reh2 Qa5 30. f6 exf6 31. exf6 Rxf6 32. g5 Qa3+ 33. Kb1 1-0

[Event "*** Titled Tuesday Blitz"]
[Site "Chess.com"]
[Date "2020.05.12"]
[Round "1"]
[White "igorcadilhac"]
[Black "Arjun2002"]
[Result "0-1"]
[WhiteElo "2332"]
[BlackElo "2657"]
[TimeControl "180+1"]
[EndTime "10:07:12 PDT"]
[Termination "Arjun2002 won by checkmate"]

1. e4 c5 2. Nf3 Nc6 3. d4 cxd4 4. Nxd4 Nf6 5. Nc3 d6 6. Bg5 e6 7. Qd2 a6 8. O-O-O Be7 9. f4 Bd7 10. Kb1 b5 11. Qe1 Nxd4 12. Rxd4 Qb6 13. Qd2 b4 14. Nd1 d5 15. Bxf6 Bxf6 16. Rxb4 Qc5 17. exd5 exd5 18.
Bd3 O-O 19. Rb7 Bc6 20. Rb3 d4 21. Re1 Bd5 22. Ra3 Rfb8 23. Ra5 Qc6 24. g4 Re8 25. g5 Be7 26. Qf2 Bb4 27. Rxe8+ Rxe8 28. Rxa6 Qb7 29. Qh4 g6 30. Qg4 Re1 31. Ra4 Bf3 32. Rxb4 Bxg4 33. Rxb7 Rxd1# 0-1

[Event "*** Titled Tuesday Blitz"]
[Site "Chess.com"]
[Date "2020.05.12"]
[Round "1"]
[White "Hydrargyrum_Girl"]
[Black "walkingcreep"]
[Result "0-1"]
[WhiteElo "2328"]
[BlackElo "2653"]
[TimeControl "180+1"]
[EndTime "10:07:12 PDT"]
[Termination "walkingcreep won by resignation"]

1. g3 Nf6 2. Bg2 g6 3. e4 d6 4. d4 Bg7 5. Nc3 O-O 6. Nge2 e5 7. Be3 Nc6 8. h3 Re8 9. d5 Ne7 10. Qd2 c6 11. dxc6 bxc6 12. Rd1 d5 13. exd5 cxd5 14.
Bg5 e4 15. O-O Bb7 16. Nd4 Qb6 17. Be3 Qc7 18. Ndb5 Qc6 19. Nd4 Qd7 20. Nb3 Qc7 21.
Nb5 Qd7 22. a4 Bc6 23. Nc5 Qd8 24. Na6 Bxb5 25. axb5 Nf5 26. Bf4 Qb6 27. Nc7 Rad8 28. Nxe8 Rxe8 29. Be3 Qxb5 30. Bxa7 Qxb2 31. Bd4 Nxd4 32.
Qxd4 Qxc2 33. Rc1 Qe2 34. Rfe1 Qa6 35. Bf1 Qe6 36. Rc7 h5 37. h4 Ng4 38. Qa4 Rf8 39. Bg2 Nxf2 40. Rc6 Qf5 41. Rf1 e3 42. Qf4 Qxf4 43. gxf4 d4 44. Rd6 Ng4 45. f5 Re8 46. fxg6 fxg6 47. Bf3 Ne5 48. Bd5+ Kh7 49. Bc4 Nxc4 0-1

[Event "*** Titled Tuesday Blitz"]
[Site "Chess.com"]
[Date "2020.05.12"]
[Round "1"]
[White "katchesskat"]
[Black "DariaVoit"]
[Result "0-1"]
[WhiteElo "2203"]
[BlackElo "2550"]
[TimeControl "180+1"]
[EndTime "10:07:12 PDT"]
[Termination "DariaVoit won on time"]

1. c4 e5 2. e3 Nf6 3. a3 c6 4. b4 d5 5. Bb2 Bd6 6. Qc2 O-O 7. d3 Bf5 8. Nd2 a5 9. c5 Bc7 10. e4 Bg6 11. Ngf3 axb4 12. axb4 Rxa1+ 13. Bxa1 Na6 14. Qb1 Re8 15. Be2 Nh5 16. g3 f5 17. O-O fxe4 18. dxe4 Nf6 19. Bd3 dxe4 20. Nxe4 Nd5 21. b5 cxb5 22.
Nh4 Bxe4 23. Bxe4 Nf6 24. Bxb7 Nxc5 25. Bc6 Re6 26. Qxb5 Qd6 27. Nf5 Qd3 28. Nh6+ gxh6 29. Qxc5 Kg7 30. Bg2 Bb6 31. Qc8 Re7 32. Bb2 Bd4 33.
Bc1 Rf7 34. h4 h5 35. Qe6 Qxg3 36. Bh6+ Kg6 0-1

[Event "*** Titled Tuesday Blitz"]
[Site "Chess.com"]
[Date "2020.05.12"]
[Round "1"]
[White "Beca95"]
[Black "Filip_Covic"]
[Result "1-0"]
[WhiteElo "2923"]
[BlackElo "2453"]
[TimeControl "180+1"]
[EndTime "10:07:13 PDT"]
[Termination "Beca95 won by resignation"]

1. c4 g6 2. Nc3 Bg7 3. d4 c5 4. d5 Nf6 5. e4 d6 6. Bd3 O-O 7. Nf3 e6 8. O-O exd5 9. exd5 Na6 10. h3 Nc7 11. Bf4 Re8 12. Qd2 a6 13. a4 b6 14. Bh2 Nh5 15. Ne4 Be5 16. Nxe5 dxe5 17. a5 f5 18. axb6 Nxd5 19. cxd5 fxe4 20. Bxe4 Nf6 21. d6 Nxe4 22. Qd5+ Be6 23. Qxe4 Qxd6 24. b7 Rad8 25. Bxe5 Bd5 26. Bxd6 Bxe4 27. b8=Q Rxb8 28. Bxb8 Rxb8 29. Rfc1 Bd3 30. Rxc5 Rxb2 31. Rc7 Rb1+ 32. Rxb1 Bxb1 33. f3 Bd3 34. h4 Bb5 35. Ra7 h5 36. Kf2 Kf8 37. Ke3 Ke8 38. Kf4 Kd8 39. Kg5 Bd3 40. g4 hxg4 41. fxg4 Kc8 42. Rf7 Kb8 43. h5 gxh5 44. gxh5 a5 45. h6 a4 46. Rf3 Bc2 47.
Ra3 Kc8 48. Rxa4 Kd8 49. Rc4 Bb1 50. Rc1 Be4 51. Kf6 Ke8 52. Kg7 Ke7 53. Re1 1-0

[Event "*** Titled Tuesday Blitz"]
[Site "Chess.com"]
[Date "2020.05.12"]
[Round "1"]
[White "GMKrikor"]
[Black "grandemestregringo"]
[Result "0-1"]
[WhiteElo "2819"]
[BlackElo "2447"]
[TimeControl "180+1"]
[EndTime "10:07:13 PDT"]
[Termination "grandemestregringo won by checkmate"]

1. Nf3 Nf6 2. c4 c6 3. Nc3 d5 4. e3 e6 5. b3 Nbd7 6. Bb2 Bd6 7.
Qc2 O-O 8. Be2 a6 9. d4 b5 10. O-O Qe7 11. e4 dxe4 12. Nxe4 Nxe4 13. Qxe4 Bb7 14. c5 Bc7 15. Rfe1 e5 16. Nxe5 Bxe5 17. dxe5 Nxc5 18. Qe3 Ne6 19. f4 g6 20. b4 Rfd8 21. a3 a5 22. Bc3 axb4 23. axb4 Nc7 24. Rxa8 Rxa8 25. Bf3 Rd8 26. f5 gxf5 27. e6 f6 28. Qh6 Rf8 29. Re3 Qg7 30. Qf4 Re8 31. Qd6 Qe7 32. Qd3 Nxe6 33. Qxf5 Qf7 34. Bxf6 Ng7 35.
Rxe8+ Qxe8 36. Qg5 Qe1# 0-1

[Event "*** Titled Tuesday Blitz"]
[Site "Chess.com"]
[Date "2020.05.12"]
[Round "1"]
[White "NZT72"]
[Black "Micki-taryan"]
[Result "1/2-1/2"]
[WhiteElo "2472"]
[BlackElo "3059"]
[TimeControl "180+1"]
[EndTime "10:07:14 PDT"]
[Termination "Game drawn by repetition"]

1. c4 e5 2. g3 Nf6 3. Bg2 c6 4. Nf3 e4 5. Nd4 d5 6. cxd5 cxd5 7. d3 Bc5 8. Nb3 Bb4+ 9. Bd2 Bxd2+ 10. Qxd2 O-O 11. O-O Nc6 12. Nc3 Re8 13. dxe4 d4 14.
Nb5 Nxe4 15. Qf4 Ng5 16. Nd6 Bh3 17. Nxe8 Bxg2 18. Kxg2 Qd5+ 19. f3 Rxe8 20. Rf2 Ne6 21. Qd2 a5 22. Rd1 a4 23. Nc1 Ne5 24. Kg1 Nc4 25. Qb4 Ne3 26. Rd2 Rc8 27. Nd3 h6 28.
Qxa4 Nc5 29. Nxc5 Qxc5 30. Rf1 d3 31. Rxd3 Nxf1+ 32. Kxf1 Qe5 33. Qd1 Qxb2 34. Rd8+ Rxd8 35. Qxd8+ Kh7 36. Qd3+ Kg8 37. Qd8+ Kh7 38. Qd3+ g6 39. Qb3 Qc1+ 40. Kf2 Qc7 41. a4 h5 42. h4 Kg8 43.
Qb5 b6 44. Qb3 Qc5+ 45. Kg2 Qe5 46. Qb5 Qe3 47. Qc4 Qe8 48. Qb5 Qd8 49. Qc4 Qd6 50. Qc8+ Kg7 51. Qc3+ f6 52. Qc4 Qe5 53. Qb5 Qd6 54.
Qc4 Qe5 55. Qb5 Qd6 56. Qc4 1/2-1/2

[Event "*** Titled Tuesday Blitz"]
[Site "Chess.com"]
[Date "2020.05.12"]
[Round "1"]
[White "vinniethepooh"]
[Black "CalinGheorghiu"]
[Result "1-0"]
[WhiteElo "2641"]
[BlackElo "2322"]
[TimeControl "180+1"]
[EndTime "10:07:14 PDT"]
[Termination "vinniethepooh won by checkmate"]

1. d4 Nf6 2. c4 e6 3. Nc3 Bb4 4. f3 c5 5. d5 d6 6. e4 b5 7. Bd3 O-O 8. Ne2 a6 9. O-O Nbd7 10. Bg5 Ne5 11. f4 Ng6 12. Qc2 Re8 13. Rad1 h6 14. Bxf6 Qxf6 15. e5 dxe5 16. fxe5 Qxe5 17.
Bxg6 fxg6 18. Qxg6 exd5 19. Nxd5 Kh8 20. Nc7 Bf5 21. Rxf5 Qxc7 22. Nf4 Qe7 23. Rf1 Qe3+ 24. Kh1 bxc4 25. Nh5 Qd4 26. Rf7 Rg8 27. Nf6 gxf6 28.
Qxh6# 1-0

[Event "*** Titled Tuesday Blitz"]
[Site "Chess.com"]
[Date "2020.05.12"]
[Round "1"]
[White "Batsai"]
[Black "Andrei_Belozerov"]
[Result "0-1"]
[WhiteElo "2264"]
[BlackElo "2587"]
[TimeControl "180+1"]
[EndTime "10:07:14 PDT"]
[Termination "Andrei_Belozerov won by resignation"]

1. e4 c5 2. Nf3 d6 3. d4 cxd4 4. Nxd4 Nf6 5. Nc3 a6 6. Bg5 e6 7. Qf3 Be7 8. O-O-O Qc7 9. Be2 Nbd7 10. Qg3 h6 11. Be3 b5 12. Bxb5 axb5 13. Ndxb5 Qb8 14. Nxd6+ Bxd6 15. Qxd6 Qxd6 16. Rxd6 Ng4 17. Re1 Ke7 18. Rd4 Bb7 19. f3 Nxe3 20. Rxe3 Rhc8 21. Red3 Ne5 22. Rd1 g5 23. Ra4 Rxa4 24. Nxa4 g4 25. Rf1 Ba6 26. Rd1 gxf3 27. gxf3 Nxf3 28. b3 Bb7 29. c4 Bxe4 30. Nb6 Rc7 31. a4 Ne5 32. a5 Nd7 33. Kb2 f5 34. Kc3 Nxb6 35. axb6 Rc6 36. Rg1 Rxb6 37. Rg6 f4 38. Rxh6 f3 39. Rh4 e5 40. Rxe4 f2 41.
Rxe5+ Kf6 42. Re8 Rb7 43. Rf8+ Rf7 44. Rxf7+ Kxf7 0-1

[Event "*** Titled Tuesday Blitz"]
[Site "Chess.com"]
[Date "2020.05.12"]
[Round "1"]
[White "NotFischer"]
[Black "bait_or_mate"]
[Result "0-1"]
[WhiteElo "2104"]
[BlackElo "2503"]
[TimeControl "180+1"]
[EndTime "10:07:15 PDT"]
[Termination "bait_or_mate won by resignation"]

1. Nf3 d5 2. g3 c6 3. Bg2 Bg4 4.
d4 Nf6 5. O-O e6 6. c4 Nbd7 7.
Nc3 Bd6 8. Qb3 Rb8 9. Bg5 O-O 10. e4 dxe4 11. Nxe4 Be7 12. Rfe1 h6 13. Bf4 Rc8 14.
Nxf6+ Bxf6 15. Qxb7 Nb6 16. Ne5 Bxe5 17. dxe5 Nxc4 18.
Qxa7 Nxb2 19. Be3 Nd3 20. f4 Nxe1 21. Rxe1 Qd3 22. Qc5 Rfd8 23. h3 Bf5 24. a4 Be4 25. Bf1 Qb3 26. a5 Rd5 27. Qb6 Qa2 28. a6 Rb5 29.
Qd4 Bd5 30. a7 Ra5 31. Qb6 Kh7 32. Qb7 Rf8 33. Bd3+ g6 34. Bf2 c5 35. h4 Bxb7 0-1

[Event "*** Titled Tuesday Blitz"]
[Site "Chess.com"]
[Date "2020.05.12"]
[Round "1"]
[White "Semen_Khanin"]
[Black "zajka-molotok"]
[Result "1-0"]
[WhiteElo "2707"]
[BlackElo "2369"]
[TimeControl "180+1"]
[EndTime "10:07:16 PDT"]
[Termination "Semen_Khanin won on time"]

1. e4 e5 2. Nf3 Nc6 3. Bc4 Nf6 4.
d3 Be7 5. O-O O-O 6. Re1 d6 7.
a4 Kh8 8. Nc3 Ng8 9. Nd5 f5 10.
exf5 Bxf5 11. c3 Nf6 12. h3 Nxd5 13. Bxd5 Bf6 14. a5 a6 15. Be3 Qd7 16. Qb3 Rab8 17. Rad1 Ne7 18. Be4 Be6 19. c4 c6 20. d4 exd4 21. Nxd4 Bg8 22. Qc2 Qc7 23. b4 c5 24.
bxc5 dxc5 25. Nb3 Nc6 26. Bxc5 Rfd8 27. Rxd8 Nxd8 28. Bd5 Nf7 29. Bb6 Qd7 30. Nc5 Qc8 31.
Ne6 Ne5 32. Qf5 Bxe6 33. Bxe6 Qf8 34. Rxe5 Bxe5 35. Qxe5 Re8 36. Qd5 Qe7 37. Bg4 1-0

[Event "*** Titled Tuesday Blitz"]
[Site "Chess.com"]
[Date "2020.05.12"]
[Round "1"]
[White "Lawliet64"]
[Black "krstulov_alex"]
[Result "0-1"]
[WhiteElo "2198"]
[BlackElo "2549"]
[TimeControl "180+1"]
[EndTime "10:07:16 PDT"]
[Termination "krstulov_alex won on time"]

1. e4 c6 2. d4 d5 3. Nc3 dxe4 4.
Nxe4 Nf6 5. Nxf6+ exf6 6. Nf3 Bd6 7. Be2 O-O 8. O-O Re8 9. c4 Nd7 10.
Be3 Nf8 11. Rc1 Ng6 12. Re1 Be6 13. b3 Qd7 14. d5 cxd5 15. cxd5 Bg4 16. Bc5 Bf4 17.
Rc4 Rac8 18. h3 b5 19. Rc3 Bxf3 20. Bxf3 Bd6 21. Rxe8+ Qxe8 22. Bd4 Rxc3 23. Bxc3 Ne5 24. Be2 a6 25. Qd4 Nd7 26. Bf1 Qe5 27. Qxe5 fxe5 28. a4 b4 29. Bd2 a5 30. Bb5 Nc5 31. Bc4 Kf8 32. g3 Ke7 33. Kg2 h6 34. f4 e4 35. Be3 f5 36. Bd4 g6 37. Kf2 Nd7 38.
Ke2 Bc5 39. Bg7 h5 40. g4 hxg4 41. hxg4 fxg4 42. Be5 g3 43. Kf1 Nb6 44. Kg2 Nxc4 45. bxc4 e3 46. f5 gxf5 47. Bxg3 b3 0-1

[Event "*** Titled Tuesday Blitz"]
[Site "Chess.com"]
[Date "2020.05.12"]
[Round "1"]
[White "IljaJoke"]
[Black "Chessdude1987"]
[Result "1-0"]
[WhiteElo "2517"]
[BlackElo "2161"]
[TimeControl "180+1"]
[EndTime "10:07:17 PDT"]
[Termination "IljaJoke won by resignation"]

1. d4 Nf6 2. c4 e6 3. g3 c5 4. Nf3 cxd4 5. Nxd4 d5 6. Bg2 Nc6 7. O-O Be7 8. Nc3 O-O 9. cxd5 exd5 10.
Bg5 Be6 11. Rc1 h6 12. Bxf6 Bxf6 13. Nb3 d4 14. Ne4 Be7 15. Nec5 Bxb3 16. Qxb3 Bxc5 17.
Rxc5 Qd6 18. Rd5 Qe7 19. Bf3 Rfd8 20. Rd1 Rxd5 21. Qxd5 Rd8 22. Qe4 Qb4 23. Qc2 Ne5 24. Be4 g6 25. Qc7 Qd6 26. Qxd6 Rxd6 27. Rc1 Nc6 28. Kf1 Kf8 29. Ke1 Ke7 30. Kd2 Ke6 31.
a3 Ke5 32. Kd3 f5 33. f4+ Ke6 34. Bxc6 bxc6 35. Rc4 Kf6 36. Rxd4 Re6 37. Ra4 Rd6+ 38. Kc3 Rd7 39. Ra6 Rc7 40. b4 Ke7 41. Kc4 g5 42. Kc5 gxf4 43. gxf4 Kd7 44. a4 Rc8 45. Rxa7+ Ke6 46.
Rh7 Kf6 47. Rxh6+ Kg7 48. Rxc6 Re8 49. b5 Rxe2 50. b6 Rxh2 51. b7 Rc2+ 52. Kd6 Rd2+ 53. Kc7 Rb2 54. b8=Q 1-0

[Event "*** Titled Tuesday Blitz"]
[Site "Chess.com"]
[Date "2020.05.12"]
[Round "1"]
[White "BikingBrian"]
[Black "lupta_robin"]
[Result "0-1"]
[WhiteElo "2239"]
[BlackElo "2574"]
[TimeControl "180+1"]
[EndTime "10:07:18 PDT"]
[Termination "lupta_robin won by resignation"]

1. d4 d5 2. Bf4 Nf6 3. e3 e6 4. Nd2 Bd6 5. Bg3 O-O 6. Ngf3 Nbd7 7. Ne5 Qe7 8. f4 c5 9. c3 Ne4 10. Bd3 f5 11. Ndf3 Ndf6 12. Bh4 Bd7 13. O-O Be8 14.
Qe1 Bh5 15. h3 a6 16. g4 Bg6 17. Kh2 Qe8 18. Rg1 fxg4 19. hxg4 Nd7 20. Nxd7 Qxd7 21.
Ne5 Bxe5 22. fxe5 Rf3 23. Qe2 Raf8 24. Raf1 Qf7 25. Rxf3 Qxf3 26. Rf1 Qxf1 27. Qxf1 Rxf1 28. Bxf1 Nd2 29. Be2 c4 30. Be1 Ne4 31. Bf3 Ng5 32. Kg2 Be4 33. Bxe4 Nxe4 34. Kf3 g5 35. b4 b5 36. a3 Kf7 37. Kg2 Kg6 38. Kh3 h5 39. gxh5+ Kxh5 40. Kg2 g4 41. Kh2 Kg5 42. Kg2 Kf5 43.
Kh2 Ng5 44. Kg3 Nf3 45. Bf2 Nd2 46. Kg2 Nb1 47. Be1 Nxa3 0-1

[Event "*** Titled Tuesday Blitz"]
[Site "Chess.com"]
[Date "2020.05.12"]
[Round "1"]
[White "RitvarsReimanis"]
[Black "ADODOVE"]
[Result "1-0"]
[WhiteElo "2481"]
[BlackElo "1993"]
[TimeControl "180+1"]
[EndTime "10:07:18 PDT"]
[Termination "RitvarsReimanis won on time"]

1. d4 Nf6 2. c4 e6 3. Nf3 c5 4.
d5 exd5 5. cxd5 d6 6. Nc3 g6 7. h3 Bg7 8. e4 O-O 9. Bd3 b5 10. Nxb5 Re8 11. O-O Nxe4 12. Re1 a6 13. Na3 Nf6 14.
Rxe8+ Nxe8 15. Nc4 Bb7 16. Bf1 Nd7 17. Bg5 Qc7 18. Bd2 a5 19. Bc3 Bxc3 20. bxc3 Nb6 21. Nxb6 Qxb6 22. Rb1 Qc7 23. Qd2 Ng7 24. Bb5 Rb8 25.
c4 Bc8 26. a4 Bf5 27. Re1 Rd8 28. g4 Bc8 29. Qg5 Rf8 30. Qe7 Qd8 31. Qxd8 Rxd8 32.
Re7 h5 33. Nh2 hxg4 34. hxg4 f5 35. f3 fxg4 36. fxg4 Rf8 37. Ra7 1-0

[Event "*** Titled Tuesday Blitz"]
[Site "Chess.com"]
[Date "2020.05.12"]
[Round "1"]
[White "blitzking1729"]
[Black "CMS13"]
[Result "1-0"]
[WhiteElo "2527"]
[BlackElo "2174"]
[TimeControl "180+1"]
[EndTime "10:07:19 PDT"]
[Termination "blitzking1729 won by resignation"]

1. d4 d5 2. Nf3 Nf6 3. c4 e6 4.
Nc3 Bb4 5. Qa4+ Nc6 6. e3 O-O 7. Bd2 a6 8. Qc2 Re8 9. a3 Bxc3 10. Bxc3 h6 11. Bd3 dxc4 12. Bxc4 Nd5 13. Bd2 e5 14.
dxe5 Nxe5 15. Nxe5 Rxe5 16. O-O-O Qe8 17. Bc3 Nxc3 18. Qxc3 Rc5 19. Bxf7+ Qxf7 20. Qxc5 Be6 21. Kb1 Qxf2 22. Qxc7 Qxg2 23. Rhg1 Qe4+ 24. Ka1 g5 25. Rd8+ Rxd8 26. Qxd8+ Kg7 27. Qd4+ Qxd4 28. exd4 g4 29. d5 Bd7 30. Rc1 Kf6 31. Rc7 Ke7 32. Rxb7 h5 33. Rb6 h4 34. Rh6 h3 35. Kb1 Kf7 36. Rh7+ Kg6 37.
Rh8 Kg5 38. Kc2 Kf4 39. Kd3 g3 40. hxg3+ Kxg3 41. Kd4 h2 42. Rxh2 Kxh2 43. Kc5 Kg3 44. Kd6 Bb5 45. Kc7 Kf4 46. d6 Ke5 47. d7 Bxd7 48. Kxd7 Kd5 49. Kc7 Kc5 50. Kb7 Kb5 51. b3 a5 52. a4+ Kb4 53. Kb6 Kxb3 54. Kxa5 Kc4 55. Kb6 Kd5 56. a5 Kd6 57. a6 Kd7 58. a7 1-0

[Event "*** Titled Tuesday Blitz"]
[Site "Chess.com"]
[Date "2020.05.12"]
[Round "1"]
[White "julinha97"]
[Black "harvsp123"]
[Result "0-1"]
[WhiteElo "2170"]
[BlackElo "2522"]
[TimeControl "180+1"]
[EndTime "10:07:19 PDT"]
[Termination "harvsp123 won by checkmate"]

1. e4 c5 2. Nf3 d6 3. d4 cxd4 4. Nxd4 Nf6 5. Nc3 a6 6. Rg1 b5 7. g4 Bb7 8. Bg2 e5 9. Nf5 b4 10. Nd5 Nxd5 11. exd5 g6 12. Ne3 Nd7 13. Bd2 a5 14. Qe2 Bh6 15. O-O-O Qc7 16. Kb1 Ba6 17. Qf3 Rc8 18. Rc1 Bf4 19. h4 O-O 20. g5 Nb6 21. Rgd1 Bxe3 22. Bxe3 Nc4 23. h5 Na3+ 24. bxa3 bxa3 25.
Bd4 exd4 26. Qxa3 Rb8+ 27. Ka1 Rb4 28. hxg6 hxg6 29. Be4 Rfb8 30. Bd3 Bc4 31. Bxc4 Qxc4 32. Rd3 Ra4 33. Qb3 Rxb3 34. cxb3 Qxc1# 0-1

[Event "*** Titled Tuesday Blitz"]
[Site "Chess.com"]
[Date "2020.05.12"]
[Round "1"]
[White "Love_craft"]
[Black "LiemLe"]
[Result "1-0"]
[WhiteElo "2541"]
[BlackElo "2944"]
[TimeControl "180+1"]
[EndTime "10:07:20 PDT"]
[Termination "Love_craft won by resignation"]

1. d4 Nf6 2. c4 e6 3. Nc3 Bb4 4. e3 O-O 5. Ne2 Re8 6. a3 Bf8 7. Ng3 d5 8. Bd3 b6 9. O-O Bb7 10.
cxd5 exd5 11. b4 Nbd7 12. Bb2 c6 13. Rc1 a5 14. b5 c5 15. dxc5 bxc5 16. a4 Nb6 17. Bb1 g6 18. Ba1 d4 19. exd4 cxd4 20. Nce2 Bh6 21. Nxd4 Bxc1 22. Qxc1 Rc8 23. Qh6 Ng4 24.
Qh3 Qd5 25. f3 Nf6 26. Qh6 Nbd7 27. Ndf5 gxf5 28. Nxf5 Qc5+ 29. Bd4 Qf8 30. Qg5+ Kh8 31. Bxf6+ Nxf6 32. Qxf6+ Kg8 33. Nh6+ Qxh6 34. Qxh6 Re6 35.
Bxh7+ Kh8 36. Bg6+ Kg8 37. Qh7+ 1-0

[Event "*** Titled Tuesday Blitz"]
[Site "Chess.com"]
[Date "2020.05.12"]
[Round "1"]
[White "Yaacovn"]
[Black "MartinMatthiesen"]
[Result "1-0"]
[WhiteElo "2841"]
[BlackElo "2433"]
[TimeControl "180+1"]
[EndTime "10:07:20 PDT"]
[Termination "Yaacovn won by resignation"]

1. d4 d5 2. Nf3 Nf6 3. c4 e6 4.
Nc3 Be7 5. Bg5 O-O 6. e3 Nbd7 7. Rc1 h6 8. Bh4 c5 9. cxd5 Nxd5 10. Bxe7 Nxe7 11. Bb5 cxd4 12. Qxd4 Nf6 13. O-O a6 14. Be2 Qxd4 15. Nxd4 b5 16. a4 bxa4 17. Nxa4 Rb8 18. f3 Bd7 19. Nc5 Rxb2 20. Bxa6 Bc8 21. Bc4 Nfd5 22.
Bxd5 Nxd5 23. Rf2 Rb4 24. Nd3 Rb8 25. e4 Nf6 26. Nc6 Ra8 27. Nc5 Kh7 28. Rfc2 Ba6 29. Ne5 Bb5 30. Nb7 Ra6 31. Rc7 Kg8 32. Rb1 Ne8 33. Rxf7 Rxf7 34. Nxf7 Kxf7 35. Rxb5 Ra1+ 36. Kf2 Ra2+ 37. Kg3 Nf6 38. Nd8+ Ke7 39. Nc6+ Kd6 40. Nb4 Rb2 41. e5+ 1-0